 Dungeon Sprint DCSS version 0.22-a0-456-g11ed031 (webtiles) character file.

92804 Kidiri the Warrior (level 16, -4/176 HPs)
             Began as a Naga Fighter on June 7, 2018.
             Was the Champion of Cheibriados.
             Slain by a wolf spider (8 damage)
             ... in the Dungeon (Sprint V: "Ziggurat Sprint").
             The game lasted 00:12:43 (1713 turns).

Kidiri the Warrior (Naga Fighter)                   Turns: 1713, Time: 00:12:44

Health: -4/176     AC: 34    Str: 43 (44) XL:     16   Next: 7%
Magic:  0/27       EV: 20    Int: 25      God:    Cheibriados [******]
Gold:   0          SH:  0    Dex: 37      Spells: 15/15 levels left

rFire    . . .     SeeInvis +   X - +8 scimitar of the Lesser Evil {holy, Str+5}
rCold    + . .     Gourm    +   c - +18 shield of the Gong {rElec rN+ MR+ EV-5}
rNeg     + . .     Faith    .   b - +15 Maxwell's patent armour {-Cast -Tele rElec MR+ rCorr}
rPois    +         Spirit   .   H - +2 helmet {SInv}
rElec    +         Reflect  .   (no cloak)
rCorr    +         Harm     .   F - +0 pair of gloves {archery}
MR       ++++.     NoTele   +   (no barding) Stlth ..........NoCast +
                                D - amulet of the gourmand
HPRegen  0.39/turn              o - +6 ring of dexterity
MPRegen  0.20/turn              U - ring of Jote Ybrill {rC+ Str+5 Slay-5}

@: confused, lethally poisoned (-4 -> -81), corroded, slowed, studying 3 skills,
very slow
A: large, see invisible, deformed body, deterioration 1, poison resistance,
slowness 2, slow metabolism 1, spit poison 1, no potion heal 1, constrict 1, AC
+5
a: Spit Poison, Bend Time, Temporal Distortion, Slouch, Step From Time, Renounce
Religion


You were in the Dungeon.
You worshipped Cheibriados.
Cheibriados was exalted by your worship.
You were not hungry.

You visited 1 branch

Inventory:

Hand Weapons
 a - the +7 Singing Sword
   (You found it in the Dungeon)
 X - the +8 scimitar of the Lesser Evil (weapon) {holy, Str+5}
   (You found it in the Dungeon)

   It has been blessed by the Shining One to cause great damage to the undead
   and demons.
   It affects your strength (+5).
Armour
 b - the +15 Maxwell's patent armour (worn) {-Cast -Tele rElec MR+ rCorr}
   (You found it in the Dungeon)

   It insulates you from electricity.
   It affects your resistance to hostile enchantments.
   It prevents spellcasting.
   It prevents most forms of teleportation.
   It protects you from acid and corrosion.
 c - the +18 shield of the Gong (worn) {rElec rN+ MR+ EV-5}
   (You found it in the Dungeon)

   It affects your evasion (-5).
   It insulates you from electricity.
   It protects you from negative energy.
   It affects your resistance to hostile enchantments.
 F - a +0 pair of gloves of archery (worn)
 H - a +2 helmet of see invisible (worn)
 J - the +1 plate armour "Fyacvuh" {*Slow rC+ Str+9}
   (You acquired it in the Dungeon)

   It affects your strength (+9).
   It protects you from cold.
   It may slow you when you take damage.
Jewellery
 h - the ring "Fyjafigg" {rN+ MR+ Stlth+}
   (You took it off a vampire in the Dungeon)

   [ring of positive energy]

   It protects you from negative energy.
   It affects your resistance to hostile enchantments.
   It makes you more stealthy.
 o - a +6 ring of dexterity (left hand)
 p - a +6 ring of dexterity
 q - the ring of Benot {rElec rPois Stlth-}
   (You took it off a spriggan air mage in the Dungeon)

   [ring of loudness]

   It insulates you from electricity.
   It protects you from poison.
   It makes you less stealthy.
 s - an uncursed ring of positive energy
 t - a +6 ring of strength
 D - an amulet of the gourmand (around neck)
 G - an uncursed ring of protection from cold
 K - an uncursed ring of protection from fire
 N - the amulet of Dojyeph {Spirit rF+}
   (You took it off an orc knight in the Dungeon)

   [amulet of guardian spirit]

   It causes incoming damage to be split between your health and magic.
   It protects you from fire.
 Q - the ring of Hianotisk {rC- Int+5 Stlth-}
   (You found it in the Dungeon)

   [ring of loudness]

   It affects your intelligence (+5).
   It makes you vulnerable to cold.
   It makes you less stealthy.
 R - the ring "Duacis" {rCorr +Inv Str+3 Int+6 Dex-3}
   (You found it in the Dungeon)

   [ring of resist corrosion]

   It affects your strength (+3).
   It affects your intelligence (+6).
   It affects your dexterity (-3).
   It lets you turn invisible.
 T - the ring of the Nine Cities {Slay+5 SInv}
   (You found it in the Dungeon)

   [ring of see invisible]

   It affects your accuracy and damage with ranged weapons and melee attacks
   (+5).
   It lets you see invisible.
 U - the ring of Jote Ybrill (right hand) {rC+ Str+5 Slay-5}
   (You found it in the Dungeon)

   [ring of protection from cold]

   It affects your strength (+5).
   It affects your accuracy and damage with ranged weapons and melee attacks
   (-5).
   It protects you from cold.
 Z - the amulet "Qijaemats" {+Rage Str+2}
   (You took it off a vampire knight in the Dungeon)

   [amulet of rage]

   It affects your strength (+2).
   It lets you go berserk.
Wands
 l - a wand of disintegration (7)
 m - a wand of iceblast (7)
 n - a wand of acid (7)
Scrolls
 j - 8 scrolls of enchant armour
 k - 4 scrolls of blinking
 r - a scroll of brand weapon
 u - 4 scrolls of amnesia
 v - 9 scrolls of fog
 w - 2 scrolls of holy word
 x - 5 scrolls of identify
 y - 5 scrolls of remove curse
 z - 2 scrolls of fear
Potions
 d - 7 potions of might
 e - 10 potions of curing
 g - 11 potions of heal wounds
 i - 2 potions of magic
 A - 2 potions of brilliance
 B - 2 potions of invisibility
 C - 4 potions of resistance
 E - 5 potions of agility
Books
 I - a manual of Crossbows
 P - a manual of Stealth
 W - a manual of Fire Magic
Comestibles
 f - 6 rations


   Skills:
 * Level 19.5 Fighting
 * Level 19.4 Long Blades
 * Level 16.9 Armour
 * Level 16.7 Dodging
 * Level 16.8 Shields
 + Level 15.5 Invocations


You had 15 spell levels left.
You didn't know any spells.
Your spell library was empty.

Dungeon Overview and Level Annotations

Branches:
Dungeon (1/1)

Altars:
Ashenzari
Cheibriados
Dithmenos
Elyvilon
Fedhas
Gozag
Hepliaklqana
Kikubaaqudgha
Makhleb
Nemelex Xobeh
Okawaru
Qazlal
Ru
Sif Muna
Trog
Uskayaw
Vehumet
Wu Jian
Xom
Yredelemnul
Zin
The Shining One
Beogh
Jiyva
Lugonu


Innate Abilities, Weirdness & Mutations

You cannot wear boots.
Your serpentine skin is tough. (AC +5)
You have supernaturally acute eyesight. (SInv)
Armour fits poorly on your strangely shaped body.
Your system is resistant to poisons. (rPois)
You cover ground very slowly.
You have a slow metabolism.
You can spit poison.
You can use your snake-like lower body to constrict enemies.
Your body sometimes deteriorates upon taking damage.
Potions are less effective at restoring your health.


Message History

The wolf spider bites you but does no damage.
The ghost moth stares at you. The ghost moth barely misses you.
The ghost moth hits you but does no damage.
The ghost moth completely misses you. The spark wasp closely misses you.
The redback bites you but does no damage.
The tarantella closely misses you.
The jumping spider leaps!
The ghost moth completely misses you.
The ghost moth hits you but does no damage.
The ghost moth stings you.
* * * LOW HITPOINT WARNING * * *
You are more poisoned.
The ghost moth poisons you! The hornet completely misses you.
The ghost moth stares at you. The wolf spider completely misses you.
The wolf spider bites you but does no damage.
The wolf spider hits you.
* * * LOW HITPOINT WARNING * * *
The wolf spider bites you!
You die...

▓..}.:|)
.").[:|))}):").
▓..}}.:.
.}|[)))=:)[:|:.
▓....))|
...............
▓.......
...............
▓.......
..s..sys..s....
▓......)
....yysysys....
▓.....).
....wsyyys.....
▓.....).
....ayy@sss....
▓......)
.....yssss.....
▓...▓).)
...▓..sss..▓...
▓..▓▓▓.. ..
▓▓..§..▓▓ ..
▓...▓...
...▓.......▓...
▓.......
...............
▓.......
...............
▓▓▓▓▓▓▓▓
.......©.......
▓▓▓▓▓▓▓▓▓▓▓▓▓▓▓


You could see 4 ghost moths, an entropy weaver, a spark wasp, a torpor snail
(berserk), 4 demonic crawlers, 3 wolf spiders, 4 moths of wrath, 3 orb spiders,
2 hornets, 4 jumping spiders, 3 tarantellas and 2 redbacks.

Vanquished Creatures
  A quicksilver dragon (D)
  6 acid blobs (D)
  4 deep elf blademasters (D)
  2 liches (D)
  2 azure jellies (D)
  An iron dragon (D)
  A ghoul (D)
  3 spriggan defenders (D)
  A reaper (D)
  3 vampire knights (D)
  2 stone giants (D)
  An apis (D)
  A deep elf annihilator (D)
  A crystal guardian (D)
  9 death oozes (D)
  An ice dragon (D)
  A deep elf high priest (D)
  6 spriggan air magi (D)
  An anaconda (D)
  A satyr (D)
  3 dancing weapons (D)
  7 spriggan berserkers (D)
  A vampire mage (D)
  4 iron golems (D)
  4 skeletal warriors (D)
  2 spriggan druids (D)
  A shambling mangrove (D)
  2 necromancers (D)
  4 deep elf magi (D)
  2 orc knights (D)
  2 wolf spiders (D)
  An oklob plant (D)
  3 shining eyes (D)
  An elephant (D)
  3 black mambas (D)
  3 eyes of devastation (D)
  A naga mage (D)
  A spiny frog (D)
  2 komodo dragons (D)
  3 ice devils (D)
  2 dryads (D)
  4 merfolk (D)
  A demonic crawler (D)
  A polar bear (D)
  2 jumping spiders (D)
  21 slime creatures (D)
  3 hornets (D)
  2 wind drakes (D)
  2 hippogriffs (D)
  3 air elementals (D)
  4 shadows (D)
  5 spriggans (D)
  2 flying skulls (D)
  2 redbacks (D)
  A wraith (D)
  A yak (D)
  A vampire (D)
  A fire elemental (D)
  A wyvern (D)
  A human (shapeshifter) (D)
  7 golden eyes (D)
  A hungry ghost (D)
  5 nagas (D)
  3 insubstantial wisps (D)
  4 water moccasins (D)
  A warg (D)
  A hell hound (D)
  4 porcupines (D)
  2 floating eyes (D)
  4 orc warriors (D)
  A black bear (D)
  5 eyes of draining (D)
  3 ice beasts (D)
  6 ogres (D)
  A necrophage (D)
  A wolf (shapeshifter) (D)
  A boggart (shapeshifter) (D)
  3 wolves (D)
  2 crocodiles (D)
  2 bullfrogs (D)
  An earth elemental (D)
  4 wights (D)
  A quasit (D)
  11 jellies (D)
  3 orc priests (D)
  An orc wizard (D)
  An iron imp (D)
  A mummy (D)
  3 adders (D)
  5 white imps (D)
  8 oozes (D)
  3 adder zombies (D)
  4 adder skeletons (D)
  2 orcs (D)
  A ball python (D)
  7 bat skeletons (D)
  5 bat zombies (D)
  A jackal simulacrum (D)
  A jackal skeleton (D)
  A leopard gecko skeleton (D)
  A leopard gecko zombie (D)
  A butterfly (D)
281 creatures vanquished.

Vanquished Creatures (others)
  A wind drake (D)
  2 insubstantial wisps (D)
3 creatures vanquished.

Grand Total: 284 creatures vanquished

Notes
Turn   | Place    | Note
-------+----------+-------------------------------------------
     0 | D        | Found the +6 Majin-Bo {vamp, Archmagi MP+6 Int+6}
     0 | D        | Found the +7 great mace "Firestarter" {inner flame, rF++}
     0 | D        | Kidiri the Naga Fighter began the quest for the Orb.
     0 | D        | Reached XP level 1. HP: 21/21 MP: 1/1
     0 | D        | Found a bloodstained altar of Trog.
     0 | D        | Found a deep blue altar of Sif Muna.
     0 | D        | Found a sacrificial altar of Ru.
     0 | D        | Found a stormy altar of Qazlal.
     0 | D        | Found an iron altar of Okawaru.
     8 | D        | Found a sparkling altar of Nemelex Xobeh.
    11 | D        | Found a corrupted altar of Lugonu.
    11 | D        | Found an ancient bone altar of Kikubaaqudgha.
    11 | D        | Found a burning altar of Makhleb.
    11 | D        | Found a transporter.
    11 | D        | Found a viscous altar of Jiyva.
    11 | D        | Found a hazy altar of Hepliaklqana.
    15 | D        | Found an opulent altar of Gozag.
    16 | D        | Found a blossoming altar of Fedhas.
    42 | D        | Found the +9 heavy crossbow "Sniper" {velocity, Acc+∞ SInv}
    42 | D        | Found the +10 dark maul {crush}
    42 | D        | Found the +15 Maxwell's patent armour {-Cast -Tele rElec MR+ rCorr}
    42 | D        | Found the +18 shield of the Gong {rElec rN+ MR+ EV-5}
    42 | D        | Found the cursed +14 obsidian axe {chop, +Fly SInv *Curse}
    43 | D        | Found the +6 shillelagh "Devastator" {shatter}
    43 | D        | Found the +11 plutonium sword {*Contam Stlth-}
    43 | D        | Found the +8 lance "Wyrmbane" {slay drac, rPois rF+ rC+ AC+3}
    43 | D        | Found the +9 sword of Zonguldrok {reap}
    43 | D        | Found the cursed +13 scythe of Curses {drain, *Curse}
    43 | D        | Found the +0 sword of Power
    43 | D        | Found the +5 mace of Variability {chaos}
    43 | D        | Found the +7 Singing Sword
    43 | D        | Found the +7 longbow "Piercer" {penet, EV-2}
    87 | D        | Became a worshipper of Cheibriados the Contemplative
    91 | D        | Reached XP level 2. HP: 30/30 MP: 1/3
   107 | D        | Entered arena 2.
   107 | D        | Noticed a porcupine
   107 | D        | Noticed a porcupine
   107 | D        | Found a transporter.
   109 | D        | Killed a porcupine
   109 | D        | Reached skill level 5 in Fighting
   109 | D        | Reached XP level 3. HP: 39/39 MP: 3/5
   109 | D        | Reached XP level 4. HP: 46/46 MP: 3/6
   114 | D        | Killed a porcupine
   114 | D        | Reached * piety under Cheibriados
   114 | D        | Reached skill level 5 in Long Blades
   114 | D        | Reached skill level 5 in Armour
   114 | D        | Reached skill level 5 in Shields
   114 | D        | Reached XP level 5. HP: 45/55 MP: 3/7
   165 | D        | Entered arena 3.
   165 | D        | Noticed a water moccasin
   165 | D        | Noticed a wolf
   165 | D        | Found a transporter.
   172 | D        | Killed a wolf
   172 | D        | Reached XP level 6. HP: 54/63 MP: 7/9
   173 | D        | Noticed a human
   173 | D        | a water moccasin changed into a human
   180 | D        | Reached ** piety under Cheibriados
   180 | D        | Reached skill level 5 in Dodging
   183 | D        | Killed a human
   183 | D        | Reached XP level 7. HP: 56/72 MP: 8/10
   191 | D        | Got the cursed ring "Mulaj" {rC+ AC-5}
   243 | D        | Entered arena 4.
   243 | D        | Noticed a merfolk
   243 | D        | Noticed a merfolk
   243 | D        | Noticed a merfolk
   243 | D        | Noticed a merfolk
   243 | D        | Found a transporter.
   256 | D        | Killed a merfolk
   256 | D        | Reached *** piety under Cheibriados
   256 | D        | Reached skill level 5 in Invocations
   258 | D        | Killed a merfolk
   258 | D        | Reached XP level 8. HP: 46/81 MP: 10/12
   263 | D        | Killed a merfolk
   263 | D        | Reached **** piety under Cheibriados
   265 | D        | Killed a merfolk
   393 | D        | Entered arena 5.
   393 | D        | Found a transporter.
   395 | D        | Reached ***** piety under Cheibriados
   408 | D        | Entered arena 6.
   408 | D        | Noticed a slime creature
   408 | D        | Found a transporter.
   412 | D        | Killed a slime creature
   412 | D        | Reached XP level 9. HP: 79/91 MP: 5/13
   418 | D        | Got the cursed ring "Obiate Voits" {Str+4 Dex-3}
   457 | D        | Entered arena 7.
   458 | D        | Found a transporter.
   459 | D        | Reached ****** piety under Cheibriados
   518 | D        | Entered arena 8.
   518 | D        | Noticed a naga mage
   519 | D        | Found a transporter.
   521 | D        | Killed a naga mage
   521 | D        | Reached skill level 10 in Fighting
   572 | D        | Entered arena 9.
   573 | D        | Found a transporter.
   661 | D        | Entered arena 10.
   661 | D        | Noticed a wind drake
   662 | D        | Found a transporter.
   662 | D        | Killed a wind drake
   663 | D        | Reached skill level 10 in Long Blades
   663 | D        | Reached XP level 10. HP: 101/102 MP: 15/15
   678 | D        | Got a jewelled plate armour
   689 | D        | Identified the +1 plate armour "Fyacvuh" {*Slow rC+ Str+9} (You acquired it in the Dungeon)
   747 | D        | Entered arena 11.
   747 | D        | Noticed a spriggan rider
   747 | D        | Noticed a spriggan rider
   747 | D        | Noticed a spriggan rider
   747 | D        | Noticed a spriggan druid
   748 | D        | Killed a spriggan druid
   749 | D        | Found a transporter.
   750 | D        | Killed a spriggan rider
   823 | D        | Entered arena 12.
   823 | D        | Noticed a stone giant
   823 | D        | Noticed an iron golem
   823 | D        | Noticed an iron golem
   823 | D        | Noticed an iron golem
   823 | D        | Noticed an iron dragon
   823 | D        | Noticed a stone giant
   823 | D        | Noticed a crystal guardian
   824 | D        | Noticed an iron golem
   824 | D        | Noticed a quicksilver dragon
   826 | D        | Killed a quicksilver dragon
   826 | D        | Reached skill level 10 in Armour
   826 | D        | Reached skill level 10 in Shields
   826 | D        | Reached XP level 11. HP: 114/114 MP: 11/17
   827 | D        | Killed a crystal guardian
   827 | D        | Reached skill level 10 in Dodging
   827 | D        | Killed a stone giant
   827 | D        | Killed a stone giant
   831 | D        | Killed an iron dragon
   833 | D        | Killed an iron golem
   836 | D        | Killed an iron golem
   836 | D        | Reached skill level 10 in Invocations
   836 | D        | Reached XP level 12. HP: 114/126 MP: 4/19
   838 | D        | Killed an iron golem
   841 | D        | Killed an iron golem
   842 | D        | Found a transporter.
   900 | D        | Entered arena 13.
   901 | D        | Noticed an ice dragon
   903 | D        | Found a transporter.
   907 | D        | Killed an ice dragon
   927 | D        | Entered arena 14.
   932 | D        | Found a transporter.
   954 | D        | Got the amulet of Dojyeph {Spirit rF+}
   968 | D        | Got the ring of Hianotisk {rC- Int+5 Stlth-}
   993 | D        | Entered arena 15.
   994 | D        | Noticed a reaper
   999 | D        | Found a transporter.
  1000 | D        | Killed a reaper
  1008 | D        | Got the ring "Duacis" {rCorr +Inv Str+3 Int+6 Dex-3}
  1033 | D        | Entered arena 16.
  1039 | D        | Found a transporter.
  1048 | D        | Got the ring of the Nine Cities {Slay+5 SInv}
  1066 | D        | Entered arena 17.
  1069 | D        | Noticed a deep elf blademaster
  1069 | D        | Noticed a deep elf annihilator
  1069 | D        | Noticed a deep elf blademaster
  1069 | D        | Noticed a deep elf blademaster
  1069 | D        | Noticed a deep elf high priest
  1069 | D        | Noticed a deep elf blademaster
  1072 | D        | Killed a deep elf blademaster
  1072 | D        | Gained mutation: You can use your snake-like lower body to constrict enemies. [Naga growth]
  1072 | D        | Reached XP level 13. HP: 92/136 MP: 15/21
  1072 | D        | Killed a deep elf high priest
  1073 | D        | Killed a deep elf blademaster
  1073 | D        | Killed a deep elf blademaster
  1073 | D        | Reached skill level 15 in Fighting
  1073 | D        | Reached skill level 15 in Long Blades
  1073 | D        | Killed a deep elf blademaster
  1073 | D        | Killed a deep elf annihilator
  1081 | D        | Found a transporter.
  1118 | D        | Entered arena 18.
  1121 | D        | Noticed a death ooze
  1121 | D        | Noticed an acid blob
  1121 | D        | Noticed an acid blob
  1122 | D        | Noticed a death ooze
  1122 | D        | Noticed an azure jelly
  1123 | D        | Killed a death ooze
  1124 | D        | Killed a death ooze
  1124 | D        | Killed an azure jelly
  1125 | D        | Killed an acid blob
  1125 | D        | Reached XP level 14. HP: 98/148 MP: 12/23
  1125 | D        | Killed an acid blob
  1126 | D        | Found a transporter.
  1220 | D        | Entered arena 19.
  1235 | D        | Found a transporter.
  1267 | D        | Got the ring of Jote Ybrill {rC+ Str+5 Slay-5}
  1285 | D        | Entered arena 20.
  1291 | D        | Paralysed by a floating eye for 3 turns
  1297 | D        | Found a transporter.
  1307 | D        | Got the +8 scimitar of the Lesser Evil {holy, Str+5}
  1348 | D        | Entered arena 21.
  1348 | D        | Noticed a vampire knight
  1350 | D        | Noticed a vampire knight
  1350 | D        | Noticed a lich
  1352 | D        | Killed a vampire knight
  1353 | D        | Noticed a vampire knight
  1353 | D        | Noticed a lich
  1353 | D        | Noticed a ghoul
  1354 | D        | Killed a lich
  1356 | D        | Killed a vampire knight
  1356 | D        | Killed a lich
  1357 | D        | Killed a vampire knight
  1359 | D        | Killed a ghoul
  1359 | D        | Reached skill level 15 in Armour
  1359 | D        | Reached skill level 15 in Shields
  1371 | D        | Found a transporter.
  1387 | D        | Got the ring "Fyjafigg" {rN+ MR+ Stlth+}
  1390 | D        | Got the amulet "Qijaemats" {+Rage Str+2}
  1438 | D        | Entered arena 22.
  1440 | D        | Noticed a spriggan defender
  1440 | D        | Noticed a spriggan defender
  1441 | D        | Reached skill level 15 in Dodging
  1441 | D        | Reached XP level 15. HP: 149/160 MP: 25/25
  1510 | D        | Found the +3 Elemental Staff {rElec rF++ rC++ MR++ AC+5}
  1511 | D        | Found a transporter.
  1571 | D        | Got the ring of Benot {rElec rPois Stlth-}
  1588 | D        | Entered arena 23.
  1594 | D        | Noticed an acid blob
  1594 | D        | Noticed an azure jelly
  1596 | D        | Noticed an acid blob
  1596 | D        | Noticed an acid blob
  1597 | D        | Noticed an acid blob
  1600 | D        | Killed an acid blob
  1600 | D        | Reached skill level 15 in Invocations
  1600 | D        | Killed an azure jelly
  1600 | D        | Killed an acid blob
  1600 | D        | Killed an acid blob
  1600 | D        | Gained mutation: Your body sometimes deteriorates upon taking damage. [a shining eye]
  1601 | D        | Killed an acid blob
  1601 | D        | Reached XP level 16. HP: 148/175 MP: 9/27
  1607 | D        | Gained mutation: Potions are less effective at restoring your health. [a shining eye]
  1608 | D        | Found the +8 Wrath of Trog {antimagic, *Rage}
  1611 | D        | Found a transporter.
  1699 | D        | Entered arena 24.
  1706 | D        | Found the +5 demon whip "Spellbinder" {antimagic, MR+}
  1706 | D        | Found the +2 shield of Resistance {rF+ rC+ MR+}
  1707 | D        | Found the cursed necklace of Bloodlust {*Rage +Rage MR++ Int-3 Slay+6 *Curse}
  1713 | D        | HP: 8/176 [wolf spider (1)]
  1713 | D        | Slain by a wolf spider

Vault maps used:
D:        sprint_v

Skill      XL: |  1  2  3  4  5  6  7  8  9 10 11 12 13 14 15 |
---------------+----------------------------------------------+-----
Fighting       | 4 5 6 7 8 9 10 11 13 14 15 17 19 | 19.5
Long Blades    | 3 4 5 6 7 8 10 11 12 14 15 17 19 | 19.4
Armour         | 3 4 5 6 7 8 10 11 12 13 15 16 | 16.9
Dodging        | 2 3 4 5 6 7 8 9 10 12 13 15 16 | 16.7
Shields        | 3 4 5 6 7 8 10 11 12 13 15 16 | 16.8
Invocations    | 2 3 4 5 6 7 9 10 11 12 14 15 | 15.5

Action                   |  1- 3 |  4- 6 |  7- 9 | 10-12 | 13-15 | 16-18 || total
-------------------------+-------+-------+-------+-------+-------+-------++-------
Melee: Double sword      |     1 |    22 |    20 |    19 |     2 |       ||    64
       Scimitar          |       |       |       |       |    11 |    12 ||    23
       Constrict         |       |       |       |       |     5 |     8 ||    13
Invok: Slouch            |       |       |     7 |    18 |    26 |     1 ||    52
 Abil: Spit Poison       |       |       |     1 |       |       |       ||     1
  Use: Potion            |     1 |       |     1 |     1 |     3 |     3 ||     9
       Scroll            |       |       |       |     1 |       |       ||     1
  Eat: Chunk             |       |       |       |     3 |     2 |       ||     5
       Ration            |       |       |       |       |     1 |       ||     1
Armor: Plate armour      |     1 |    11 |    22 |    14 |    33 |    43 ||   124
Dodge: Dodged            |       |       |     5 |    20 |    19 |   119 ||   163
Block: Shield            |     3 |    39 |    75 |    72 |    75 |    50 ||   314
       Rpst.: Double sword |       |       |       |     4 |     1 |       ||     5
       Scimitar          |       |       |       |       |     3 |    27 ||    30

Table legend:
 A = Spawn XP
 B = Non-spawn XP
 C = Spawn XP percentage of total XP
 D = Spawn monster count
 E = Non-spawn monster count
 F = Spawn count percentage of total count
 G = Total turns spent on level
                    A         B        C        D         E        F      G
               +---------+---------+-------+---------+---------+-------+---------
         Total |       0 |  132568 |   0.0 |       0 |     280 |   0.0 |  1713
               +---------+---------+-------+---------+---------+-------+---------
             D |       0 |  132568 |   0.0 |       0 |     280 |   0.0 |  1713
               +---------+---------+-------+---------+---------+-------+---------
